Map: Proxima Station LE

Players

Damrud

  • Race: Zerg Zerg
  • Spawn Location: 7:00

BLY - Winner!

  • Race: Zerg Zerg
  • Spawn Location: 1:00

Event: IEM XI Katowice - World Championship 2017

VOD

Have the link to the VOD?

Description

Time

  • Played on: Feb. 27, 2017, 4:19 a.m.
  • Length: 11:53

All games in this series

Show
View Real Time Build Order
Export as new Build Order

Damrud Zerg 

Build Orders: Pool First 

Get SALT Encoding   

  12  0:18  Spawning Pool  
  11  0:21  Drone  
  11  0:26  Drone  
  13  0:31  Drone  
  14  0:40  Overlord  
  14  1:05  Zergling x6  
  17  1:16  Zergling x2  
  18  1:20  Hatchery  
  17  1:28  Zergling x2  
  18  1:34  Queen  
  20  1:42  Zergling x2  
  21  1:49  Overlord  
  21  1:59  Drone  
  22  2:10  Queen  
  22  2:11  Drone  
  24  2:20  Drone  
  25  2:33  Drone x2  
  25  2:34  Queen  
  27  2:43  Drone x2  
  27  2:44  Drone  
  30  2:53  Drone x2  
  30  2:55  Overlord  
  32  3:00  Zergling x2  
  32  3:04  Zergling x4  
  34  3:10  Spine Crawler  
  33  3:17  Drone x2  
  35  3:23  Drone x3  
  38  3:28  Drone  
  38  3:32  Drone  
  40  3:41  Evolution Chamber  
  39  3:43  Drone  
  39  3:44  Roach Warren, Drone  
  39  3:48  Extractor x2  
  38  3:54  Drone x3  
  41  4:03  Drone x2  
  41  4:06  Overlord  
  43  4:18  Overlord  
  43  4:23  Roach x2  
  42  4:27  Roach  
  44  4:32  Roach  
  44  4:34  Drone x2  
  48  4:47  Roach x3  
  54  4:57  Extractor  
  53  5:00  Overlord  
  53  5:01  Roach  
  53  5:06  Hatchery  
  54  5:08  Overlord  
  54  5:09  Overlord  
  54  5:14  Zerg Missile Weapons Level 1  
  54  5:17  Queen  
  56  5:22  Drone  
  56  5:23  Drone  
  58  5:28  Lair  
  58  5:29  Drone  
  58  5:33  Drone  
  60  5:39  Drone  
  60  5:41  Drone x4  
  65  5:55  Roach x2  
  69  6:01  Roach  
  72  6:04  Ravager x3  
  72  6:06  Overlord  
  72  6:10  Roach  
  76  6:22  Roach x2  
  76  6:23  Roach  
  82  6:27  Queen  
  82  6:28  Drone x5  
  82  6:29  Drone  
  90  6:40  Overlord x2  
  90  6:41  Glial Reconstitution  
  90  6:48  Overlord  
  90  6:49  Overlord  
  90  6:53  Extractor  
  90  7:01  Drone x3  
  90  7:02  Roach x5  
  90  7:03  Roach x2  
  106  7:10  Overlord x2  
  106  7:11  Zerg Missile Weapons Level 2  
  110  7:22  Roach  
  110  7:23  Roach x4  
  110  7:29  Roach x2  
  120  7:35  Drone x6  
  120  7:36  Drone  
  127  7:40  Extractor  
  127  7:41  Roach x2  
  127  7:42  Roach  
  132  7:47  Roach x2  
  136  7:59  Roach x3  
  136  8:00  Roach x2  
  136  8:04  Roach x3  
  128  8:08  Roach x2  
  130  8:15  Roach x3  
  128  8:21  Roach x4  
  128  8:26  Drone x2  
  138  8:28  Overlord x2  
  138  8:41  Overlord x2  
  138  8:47  Ravager  
  140  8:48  Ravager  
  140  8:50  Ravager  
  140  8:51  Roach x5  
  140  8:52  Roach  
  153  8:57  Overlord  
  153  8:59  Roach x2  
  157  9:08  Roach x2  
  157  9:09  Roach x3  
  157  9:24  Roach  
  157  9:25  Roach x5  
  139  9:34  Roach x2  
  139  9:35  Roach x6  
  135  9:44  Roach x4  
  135  9:49  Zerg Ground Armor Level 1  
  135  9:51  Roach  
  137  9:57  Ravager  
  137  9:59  Roach  
  140  10:03  Roach x3  
  140  10:05  Hatchery  
  145  10:10  Roach x3  
  151  10:18  Roach x2  
  151  10:19  Roach x3  
  161  10:23  Roach x2  
  160  10:33  Roach x3  
  160  10:34  Roach x3  
  154  10:45  Roach x5  
  150  10:54  Roach  
  150  10:55  Roach x2  
  154  10:57  Drone  
  154  10:58  Drone  
  156  11:05  Spore Crawler  
  156  11:06  Roach  
  157  11:14  Roach  
  157  11:15  Roach x2  
  157  11:17  Drone x2  
  166  11:19  Ravager x2  
  168  11:26  Drone x3  
  168  11:30  Roach  
Show
View Real Time Build Order
Export as new Build Order

BLY Zerg - Winner!

Build Orders: Pool First 

Get SALT Encoding   

  12  0:01  Drone  
  13  0:13  Overlord  
  13  0:18  Drone  
  14  0:31  Drone x2  
  16  0:37  Drone  
  17  0:45  Spawning Pool  
  17  0:48  Drone  
  17  1:10  Hatchery  
  16  1:13  Drone  
  16  1:15  Drone  
  18  1:19  Extractor  
  17  1:32  Queen  
  19  1:33  Zergling x4  
  22  1:40  Zergling x2  
  22  1:42  Spine Crawler  
  22  1:48  Extractor  
  22  1:51  Overlord  
  22  2:09  Queen  
  23  2:15  Zergling x4  
  25  2:28  Zergling x4  
  25  2:33  Queen  
  25  2:35  Drone x2  
  27  2:43  Overlord  
  27  2:44  Drone  
  27  2:48  Metabolic Boost  
  28  3:04  Drone x5  
  32  3:08  Drone  
  33  3:15  Overlord  
  33  3:20  Drone x2  
  33  3:25  Drone  
  36  3:39  Queen  
  38  3:48  Roach Warren, Evolution Chamber  
  37  3:51  Zergling x2  
  37  3:52  Zergling x10  
  42  4:02  Overlord, Drone x2  
  44  4:14  Zerg Missile Weapons Level 1  
  42  4:26  Hatchery, Drone x2  
  42  4:27  Drone  
  42  4:28  Drone  
  45  4:32  Drone x3  
  47  4:45  Drone x6  
  49  4:48  Drone  
  48  4:53  Extractor  
  48  4:54  Lair  
  48  4:55  Extractor  
  46  5:06  Overlord  
  46  5:09  Overlord  
  46  5:10  Extractor  
  46  5:11  Drone  
  46  5:13  Drone x2  
  48  5:17  Overlord  
  48  5:26  Roach x2  
  48  5:27  Roach x2  
  56  5:34  Roach  
  56  5:35  Roach  
  60  5:46  Roach x6  
  72  5:52  Overseer  
  72  5:53  Queen  
  72  5:55  Glial Reconstitution  
  74  5:59  Drone x3  
  77  6:07  Drone x2  
  77  6:08  Overlord, Drone  
  80  6:21  Overlord  
  80  6:25  Roach  
  82  6:26  Overlord  
  82  6:29  Overlord  
  82  6:32  Zerg Missile Weapons Level 2  
  82  6:36  Roach x4  
  90  6:41  Roach x2  
  98  6:47  Roach x2  
  98  6:53  Roach x4  
  106  6:56  Overlord  
  106  7:11  Overlord x4  
  106  7:19  Overseer  
  106  7:27  Roach x4  
  114  7:36  Roach x7  
  114  7:37  Roach  
  130  7:44  Roach  
  130  7:45  Roach x3  
  138  7:57  Roach x4  
  142  8:03  Roach  
  142  8:04  Roach x3  
  134  8:11  Roach x3  
  136  8:22  Roach x5  
  136  8:25  Overlord  
  146  8:29  Overlord x2  
  146  8:46  Ravager  
  146  8:47  Ravager x3  
  146  8:48  Ravager x3  
  152  8:49  Ravager  
  152  8:50  Roach x2  
  152  8:55  Drone x3  
  161  8:58  Overlord  
  161  9:03  Hatchery  
  161  9:09  Roach x2  
  168  9:10  Roach x2  
  168  9:11  Overlord  
  166  9:28  Roach x5  
  145  9:34  Roach  
  145  9:35  Roach x3  
  126  9:43  Roach x5  
  128  9:49  Extractor  
  128  9:50  Extractor  
  128  9:51  Spire  
  125  9:53  Roach  
  127  10:10  Roach x4  
  127  10:13  Roach x5  
  143  10:30  Roach  
  143  10:31  Roach x3  
  149  10:36  Roach x5  
  145  11:02  Mutalisk x5  
  155  11:13  Roach x7  
  167  11:23  Mutalisk x2  
  171  11:31  Hatchery  
  170  11:37  Ravager x2  

Tags
 
Add a new tag
Caveats
  • Supply blocks, unpowered buildings, or Contaminate may cause inaccurate times.
  • Supply counts are checked every 10 seconds.